 Dungeon Crawl Stone Soup version 0.31.0-11-ge490571c62 (webtiles) character file.

Game seed: 16871699110057540727

4161 inmateoo the Cleaver (level 10, -9/88 HPs)
             Began as a Minotaur Fighter on Jan 30, 2024.
             Mangled by Erolcha
             ... wielding a +0 giant club
              (36 damage)
             ... on level 9 of the Dungeon.
             The game lasted 00:04:00 (5739 turns).

inmateoo the Cleaver (Minotaur Fighter)             Turns: 5739, Time: 00:04:01

Health: -9/88      AC: 10    Str: 22    XL:     10   Next: 7%
Magic:  9/9        EV: 17    Int:  5    God:
Gold:   340        SH:  6    Dex: 13    Spells: 9/9 levels left

rFire   . . .        a - +0 war axe
rCold   . . .        c - +0 buckler
rNeg    . . .        b - +0 scale mail
rPois   .            (helmet restricted)
rElec   .            t - +0 cloak
rCorr   .            v - +0 pair of gloves
SInv    .            (no boots)
Will    .....        (no amulet) Stlth
                     q - +4 ring of slaying
HPRegen 0.34/turn    s - +5 ring of evasion
MPRegen 0.11/turn

%: no passive effects
@: no status effects
A: horns 2, retaliatory headbutt
a: no special abilities


You were on level 9 of the Dungeon.
You visited 1 branch of the dungeon, and saw 9 of its levels.

You collected 340 gold pieces.

Inventory:

Hand Weapons
 a - a +0 war axe (weapon)
 F - a +0 whip of electrocution
Armour
 b - a +0 scale mail (worn)
 c - a +0 buckler (worn)
 t - a +0 cloak (worn)
 v - a +0 pair of gloves (worn)
Jewellery
 o - the Hermit's Pendant {Faith Invo=14 Evo=0 MP+5}
   (You found it on level 3 of the Dungeon)

   [amulet of faith]

   Invo=14: It sets your Invocations skill to 14.
   Evo=0: It sets your Evocations skill to 0.
   Faith:     It allows you to gain divine favour quickly.
   MP+5:      It affects your magic capacity (+5).
 q - a +4 ring of slaying (left hand)
 s - a +5 ring of evasion (right hand)
 E - a ring of resist corrosion
Wands
 A - a wand of flame (13)
 B - a wand of roots (10)
Scrolls
 g - 2 scrolls of brand weapon {unknown}
 h - 4 scrolls of poison {unknown}
 j - 2 scrolls of teleportation {unknown}
 k - 3 scrolls of enchant weapon {unknown}
 m - 2 scrolls of vulnerability {unknown}
 n - 5 scrolls of enchant armour {unknown}
 x - a scroll of fog {unknown}
 y - a scroll of revelation {unknown}
 z - 2 scrolls of identify {unknown}
 D - a scroll of blinking {unknown}
 G - a scroll of noise {unknown}
Potions
 d - 3 potions of might
 e - a potion of attraction {unknown}
 f - a potion of curing {unknown}
 i - 2 potions of lignification {unknown}
 l - a potion of resistance {unknown}
 p - 3 potions of enlightenment {unknown}
 r - 2 potions of haste {unknown}
 u - a potion of mutation {unknown}
 w - a potion of cancellation {unknown}
 C - a potion of heal wounds {unknown}
 H - a potion of brilliance {unknown}


   Skills:
 + Level 8.1 Fighting
 * Level 10.5 Axes
 + Level 8.1 Armour
 + Level 6.2 Dodging
 + Level 7.8 Shields


You had 9 spell levels left.
You didn't know any spells.
Your spell library contained the following spells:

 Spells                   Type           Power      Damage    Failure   Level
 Freeze                   Ice            0%         1d3       82%         1
 Kiss of Death            Conj/Necr      0%         2d5       82%         1
 Ensorcelled Hibernation  Hex/Ice        0%         N/A       91%         2
 Call Canine Familiar     Summ           0%         N/A       99%         3
 Confusing Touch          Hex            0%         N/A       99%         3
 Frozen Ramparts          Ice            0%         1d1       99%         3
 Hailstorm                Conj/Ice       0%         3d5       99%         3
 Passwall                 Erth           0%         N/A       99%         3
 Sigil of Binding         Hex            0%         N/A       99%         3
 Swiftness                Air            0%         N/A       99%         3
 Dimensional Bullseye     Hex/Tloc       0%         N/A       100%        4
 Dispel Undead            Necr           0%         3d6       100%        4


Dungeon Overview and Level Annotations

Branches:
Dungeon (9/15)             Temple (0/1) D:5
   Lair: D:8-11         Orc: D:9-12

Altars:
Ashenzari
Gozag
Hepliaklqana
Makhleb
Wu Jian

Shops:
D:2 =   D:7 *

Annotations:
D:9 Erolcha


Innate Abilities, Weirdness & Mutations

You have a pair of horns on your head.
You reflexively headbutt those who attack you in melee.


Message History

The human is almost dead.
You closely miss the kobold. The kobold hits you but does no damage.
You block the human's attack.
You barely miss the human.
The human is almost dead.
You hit the kobold.
You kill the kobold!
The human misses you. You furiously retaliate!
You headbutt the human!
You kill the human!
The human unwields a +0 sling.
The human hits you but does no damage.
Items here: )) [[ ††.
You slash the human!
The human is moderately wounded.
You barely miss something. Something closely misses you.
The human completely misses you.
You closely miss the human.
The human is moderately wounded.
You slash something! The human barely misses you.
You slash the human! Your headbutt misses the human.
The human is severely wounded.
You miss something. Something closely misses you. You block the human's attack.
You hit something but do no damage. You hit the human.
The kobold throws a poisoned dart.
The poisoned dart completely misses you.
The poisoned dart hits the human!
The human is poisoned.
Something hits you! The human closely misses you. You furiously retaliate!
You headbutt the human. You completely miss the human. You headbutt the human!
You kill the human!
You barely miss something.
The kobold throws a poisoned dart.
You barely miss something. Your headbutt misses something.
Something barely misses you.
You slash something!
The kobold throws a poisoned dart.
Something hits you!!!
* * * LOW HITPOINT WARNING * * *
You closely miss something.
You are too injured to fight recklessly!
You barely miss something. Something barely misses you.
The kobold throws a poisoned dart.
The poisoned dart barely misses you.
You hit something but do no damage. You headbutt something.
Something hits you!!!
You die...

..### ...
... ...
##.# ..#
#)# #@#
#{####..##
#K).......
######..##


You could see a kobold.

Vanquished Creatures
  Pikel (D:7)
  A polar bear (D:8)
  3 humans (D:9)
  A water moccasin (D:6)
  3 ice beasts
  2 ogres
  4 centaurs
  2 lemures (D:7)
  A kobold brigand (D:9)
  4 bullfrogs
  A gnoll sergeant (D:7)
  10 scorpions
  6 killer bees
  3 electric eels (D:8)
  2 howler monkeys
  4 bombardier beetles
  A jelly (D:6)
  3 hounds
  2 sleepcaps (D:6)
  Natasha (twice) (D:3)
  3 iguanas
  An orc wizard (D:7)
  2 centaur simulacra (D:8)
  5 gnolls (D:7)
  2 adders (D:2)
  4 shadow imps
  3 white imps
  6 ufetubi
  5 dart slugs
  2 ribbon worms
  17 orcs
  6 bats
  5 endoplasms
  7 giant cockroaches
  6 hobgoblins
  6 jackals
  4 quokkas
  9 ball pythons
  4 frilled lizards
  7 goblins
  10 kobolds
  2 rats (D:1)
  3 butterflies (D:6)
175 creatures vanquished.

Notes
Turn   | Place    | Note
-------+----------+-------------------------------------------
     0 | D:1      | inmateoo the Minotaur Fighter began the quest for the Orb.
     0 | D:1      | Reached XP level 1. HP: 19/19 MP: 0/0
   117 | D:1      | Reached XP level 2. HP: 27/27 MP: 1/1
   226 | D:1      | Reached skill level 3 in Axes
   459 | D:1      | Reached XP level 3. HP: 33/33 MP: 2/2
   835 | D:2      | Reached skill level 1 in Dodging
   961 | D:2      | Found a faded altar of an unknown god.
   970 | D:2      | Reached XP level 4. HP: 40/40 MP: 3/3
   975 | D:2      | Found Doathahe's Jewellery Shop.
  1532 | D:3      | Found a faded altar of an unknown god.
  1532 | D:3      | Found the Hermit's Pendant {Faith Invo=14 Evo=0 MP+5}
  1539 | D:3      | Reached skill level 4 in Axes
  1660 | D:3      | Noticed Natasha
  1668 | D:3      | Killed Natasha
  1669 | D:3      | Reached XP level 5. HP: 47/47 MP: 4/4
  1713 | D:3      | Noticed Natasha
  1719 | D:3      | Killed Natasha
  1813 | D:3      | Found an ornate altar of the Wu Jian Council.
  1822 | D:3      | Found a hazy altar of Hepliaklqana.
  1899 | D:4      | Found an opulent altar of Gozag.
  2264 | D:5      | Entered Level 5 of the Dungeon
  2356 | D:5      | Reached skill level 5 in Axes
  2356 | D:5      | Reached XP level 6. HP: 39/53 MP: 5/5
  2661 | D:5      | Found a staircase to the Ecumenical Temple.
  2682 | D:5      | Found a burning altar of Makhleb.
  2765 | D:5      | Reached skill level 5 in Fighting
  2765 | D:5      | Reached skill level 5 in Armour
  2844 | D:6      | Noticed a water moccasin
  2851 | D:6      | Killed a water moccasin
  2852 | D:6      | Reached skill level 5 in Shields
  2852 | D:6      | Reached XP level 7. HP: 45/61 MP: 6/6
  2941 | D:6      | Reached skill level 6 in Axes
  3454 | D:6      | You fall into a shaft and drop 1 floor!
  3454 | D:7      | Found Tepn's Neck Hole.
  3494 | D:7      | Reached skill level 7 in Axes
  3494 | D:7      | Reached XP level 8. HP: 38/70 MP: 7/7
  3721 | D:6      | Found a runed translucent door.
  3723 | D:6      | Found a runed translucent door.
  4074 | D:6      | Reached skill level 8 in Axes
  4339 | D:7      | Reached XP level 9. HP: 78/78 MP: 8/8
  4478 | D:7      | Reached skill level 5 in Dodging
  4589 | D:7      | Noticed Pikel
  4606 | D:7      | Killed Pikel
  4607 | D:7      | Reached skill level 9 in Axes
  4693 | D:7      | Found a broken altar of Ashenzari.
  5359 | D:8      | Reached skill level 10 in Axes
  5424 | D:8      | Noticed a polar bear
  5447 | D:8      | Killed a polar bear
  5709 | D:9      | Noticed Erolcha
  5724 | D:9      | Reached XP level 10. HP: 70/88 MP: 9/9
  5739 | D:9      | Mangled by Erolcha

Illustrated notes

Levels and vault maps discovered:
D:1:      dpeg_arrival_tiny_k, layout_basic, hex_intersection
D:2:      layout_rooms, serial_shops, nicolae_shop_gaudy_bauble,
          shapermc_ecumenical_altar_venn
D:3:      layout_basic, mainiacjoe_overflow_swirl,
          hellmonk_guarded_unrand_hermit, uniq_natasha
D:4:      layout_rooms, lemuel_crystal_altar
D:5:      layout_gridville, bloody_makhleb, minmay_temple_entry_overgrown
D:6:      lemuel_insect_pit, layout_basic
D:7:      layout_rooms, cheibrodos_ashenzari_chains,
          nicolae_shop_sticking_my_neck_out, uniq_pikel
D:8:      layout_rooms, serial_ice, serial_ice_j, serial_ice_f, serial_ice_a,
          serial_ice_h, nicolae_eternal_life
D:9:      layout_loops_ring, lemuel_round_altar, david_lair_generic,
          minmay_ruffians, uniq_grum, uniq_erolcha, uniq_joseph

Skill      XL: |  1  2  3  4  5  6  7  8  9 |
---------------+----------------------------+-----
Axes           | 3 4 5 7 8 10 | 10.5
Fighting       | 4 5 6 8 |  8.1
Dodging        | 1 2 3 4 6 |  6.2
Armour         | 4 5 6 8 |  8.1
Shields        | 4 5 6 7 |  7.8

Action                     |  1- 3 |  4- 6 |  7- 9 | 10-12 || total
---------------------------+-------+-------+-------+-------++-------
  Melee: War axe           |    65 |    99 |   178 |    15 ||   357
         Headbutt          |     7 |    18 |    29 |     2 ||    56
  Evoke: Wand              |       |       |     4 |       ||     4
 Armour: Scale mail        |    35 |    58 |   136 |     5 ||   234
  Dodge: Dodged            |    36 |    62 |   179 |    13 ||   290
  Block: Buckler           |    18 |    18 |    62 |     2 ||   100
